 Dungeon Crawl Stone Soup version 0.28.0-45-g0d030f2227 (webtiles) character file.

Game seed: 2917794602364783346

35 Steelback the Skirmisher (level 3, 33/33 HPs)
             Began as a Minotaur Fighter on Apr 15, 2022.
             Quit the game on level 2 of the Dungeon.
             The game lasted 00:03:09 (617 turns).

Steelback the Skirmisher (Minotaur Fighter)          Turns: 617, Time: 00:03:10

Health: 33/33      AC:  7    Str: 22    XL:     3   Next: 16%
Magic:  2/2        EV:  9    Int:  5    God:
Gold:   0          SH:  4    Dex:  9    Spells: 2/2 levels left

rFire   . . .      SeeInvis .   a - +0 war axe
rCold   . . .      Faith    .   c - +0 buckler
rNeg    . . .      Spirit   +   b - +0 scale mail
rPois   .          Reflect  .   (helmet restricted)
rElec   .          Harm     .   (no cloak)
rCorr   .          Rampage  .   (no gloves)
Will    .....                   (no boots)
Stlth   ..........              i - amulet of guardian spirit
HPRegen 0.11/turn               (no ring)
MPRegen 0.08/turn               (no ring)

@: no status effects
A: horns 2, retaliatory headbutt
a: no special abilities


You were on level 2 of the Dungeon.
You visited 1 branch of the dungeon, and saw 2 of its levels.

Inventory:

Hand Weapons
 a - a +0 war axe (weapon)
Armour
 b - a +0 scale mail (worn)
 c - a +0 buckler (worn)
Jewellery
 i - an amulet of guardian spirit (around neck)
Scrolls
 g - a scroll of immolation {unknown}
 h - a scroll of magic mapping {unknown}
Potions
 d - a potion of might
 e - a potion of berserk rage {unknown}
 f - 2 potions of degeneration {unknown}


   Skills:
 * Level 4.1 Fighting
 * Level 3.2 Axes
 + Level 4.0 Armour
 + Level 4.0 Shields


You had 2 spell levels left.
You didn't know any spells.
Your spell library contained the following spells:

 Spells                   Type           Power      Damage    Failure   Level
 Beastly Appendage        Tmut           0%         N/A       87%         1
 Wereblood                Tmut           0%         N/A       95%         2
 Spider Form              Tmut/Pois      0%         N/A       99%         3


Dungeon Overview and Level Annotations

Branches:
Dungeon (2/15)

Altars:


Innate Abilities, Weirdness & Mutations

You have a pair of horns on your head.
You reflexively headbutt those who attack you in melee.


Message History

Done exploring.
No target in view!
(D) Dungeon
Where to? (? - help)
What level of the Dungeon? (default 1, ? - help)
There is a stone staircase leading down here.
You climb downwards.
Found a ring mail.
There is a stone staircase leading up here.
A hobgoblin comes into view.
Found a book of Changes.
The hobgoblin shouts!
A goblin comes into view. It is wielding a +0 club.
Found a dagger.
The goblin shouts!
There are monsters nearby!
You block the hobgoblin's attack. The goblin barely misses you.
You closely miss the goblin. You hit the hobgoblin.
The hobgoblin hits you but does no damage.
The goblin hits you with a +0 club.
You hit the hobgoblin.
You kill the hobgoblin!
You hit the goblin but do no damage. The goblin hits you but does no damage.
You closely miss the goblin. The goblin hits you but does no damage.
The goblin hits you with a +0 club.
You slash the goblin!
You kill the goblin!
You pick up a book of Changes and begin reading...
You add the spells Beastly Appendage, Wereblood and Spider Form to your library.
HP restored.
A rat comes into view.
You completely miss the rat. The rat barely misses you.
You block the rat's attack.
You hit the rat.
You kill the rat!
No target in view!
Unknown command.
Are you sure you want to abandon this character and quit the game? (Confirm with "yes".)
Okay, then.
Are you sure you want to abandon this character and quit the game? (Confirm with "yes".)

#. #. .. #. #.
#.## #.†## #.@.#
###.#######
...#####...#.....
#.......#...#####
...#####...#.#...
##.##..[.#
#.#.....#
#.#.....#
#.#.....#


There were no monsters in sight!

Vanquished Creatures
  A dart slug (D:1)
  4 endoplasms (D:1)
  A giant cockroach (D:1)
  4 goblins
  2 hobgoblins
  3 jackals (D:1)
  A quokka (D:1)
  3 ball pythons (D:1)
  3 bats (D:1)
  3 kobolds (D:1)
  5 rats
30 creatures vanquished.

Notes
Turn   | Place    | Note
-------+----------+-------------------------------------------
     0 | D:1      | Steelback the Minotaur Fighter began the quest for the Orb.
     0 | D:1      | Reached XP level 1. HP: 19/19 MP: 0/0
     3 | D:1      | Noticed an electric eel
     4 | D:1      | Noticed an electric eel
   108 | D:1      | Reached XP level 2. HP: 26/27 MP: 1/1
   463 | D:1      | Reached XP level 3. HP: 33/33 MP: 2/2
   617 | D:2      | Quit the game

Illustrated notes

Levels and vault maps discovered:
D:1:      arrival_aquarium_b, layout_rooms
D:2:      layout_basic, minmay_misc_feat_tower, minmay_small_reverse_x,
          uniq_robin

Skill      XL: |  1  2 |
---------------+-------+-----
Fighting       | 4 |  4.1
Shields        | 4 |  4.0
Armour         | 4 |  4.0
Axes           | 3 |  3.2

Action                   || total
-------------------------++-------
Melee: War axe           ||    54
       Headbutt          ||     5
Armor: Scale mail        ||    30
Dodge: Dodged            ||    28
Block: Buckler           ||    20
